 Dungeon Crawl Stone Soup version 0.25-a0-290-g4a1327ee3a (webtiles) character file.

Game seed: 14892233011062349162, levelgen mode: classic

94 Borgoz the Skirmisher (level 4, 0/43 HPs)
             Began as a Gargoyle Berserker on Dec 14, 2019.
             Was a Believer of Trog.
             Slain by a worker ant (4 damage)
             ... on level 2 of the Dungeon.
             The game lasted 00:01:52 (1950 turns).

Borgoz the Skirmisher (Gargoyle Berserker)          Turns: 1950, Time: 00:01:53

Health: 0/43       AC:  7    Str: 25    XL:     4   Next: 63%
Magic:  4/4        EV: 12    Int:  8    God:    Trog [**....]
Gold:   49         SH:  0    Dex: 10    Spells: 3/3 levels left

rFire    . . .     SeeInvis .   a - +0 hand axe
rCold    . . .     Gourm    .   (no shield)
rNeg     + . .     Faith    .   b - +0 animal skin
rPois    ∞         Spirit   .   (no helmet)
rElec    +         Reflect  .   (no cloak)
rCorr    .         Harm     .   (no gloves)
MR       .....                  i - +0 pair of boots
Stlth    ..........             (no amulet)
HPRegen  0.14/turn              (no ring)
MPRegen  0.09/turn              (no ring)

@: berserking, flying, very quick
A: negative energy resistance 1, electricity resistance, unbreathing,
petrification resistance, rot immunity, AC +3
a: Berserk, Trog's Hand, Renounce Religion


You were on level 2 of the Dungeon.
You worshipped Trog.
Trog was pleased with you.
You were very hungry.

You visited 1 branch of the dungeon, and saw 2 of its levels.

You collected 49 gold pieces.

Inventory:

Hand Weapons
 a - a +0 hand axe (weapon)
Armour
 b - a +0 animal skin (worn)
 i - a +0 pair of boots (worn)
Scrolls
 d - 3 scrolls of remove curse {unknown}
 g - 4 scrolls of identify {unknown}
 h - a scroll of enchant armour {unknown}
 j - a scroll of noise {unknown}
 k - a scroll of magic mapping {unknown}
Comestibles
 c - 3 rations
 f - a chunk of flesh


   Skills:
 + Level 3.8 Fighting
 * Level 3.5 Axes
 * Level 3.3 Armour
 + Level 2.1 Dodging


You had 3 spell levels left.
You didn't know any spells.
Your spell library was empty.

Dungeon Overview and Level Annotations

Branches:
Dungeon (2/15)

Altars:


Innate Abilities, Weirdness & Mutations

You are resistant to torment.
Your stone body is resilient. (AC +3)
You are immune to poison.
You resist negative energy. (rN+)
You are resistant to electric shocks. (rElec)
You can survive without breathing.
You are immune to petrification.
You are immune to rotting.


Message History

The worker ant is severely wounded.
The worker ant barely misses you.
You hit the worker ant but do no damage.
The worker ant is severely wounded.
The worker ant bites you.
* * * LOW HITPOINT WARNING * * *
The worker ant bites you but does no damage.
It was a potion of flight.
You feel very buoyant.
You fly up into the air.
You are feeling hungry.
The worker ant barely misses you.
A red film seems to cover your vision as you go berserk!
You feel yourself moving faster!
You feel mighty!
You are feeling very hungry.
The worker ant bites you but does no damage.
You closely miss the worker ant.
The worker ant is severely wounded.
The worker ant bites you.
You die...

######### #...>...#
#.......# #######
#.......## ####.<)...
#........# #....÷÷...
#........## #.##......
#........##.##.########
#....a@..##....# #
########.####..#### #
#)##.......# #
#.##.#..##.# #
#.##.#..##.#####
#...........<...
######.#.###.###.#
..........###.###.#
..#####............


You could see a worker ant.

Vanquished Creatures
  An adder (D:2)
  4 gnolls
  A ball python (D:1)
  A giant cockroach (D:1)
  7 goblins
  6 hobgoblins
  3 jackals (D:1)
  7 bats
  5 frilled lizards
  5 kobolds
  5 rats (D:1)
45 creatures vanquished.

Notes
Turn   | Place    | Note
-------+----------+-------------------------------------------
     0 | D:1      | Borgoz the Gargoyle Berserker began the quest for the Orb.
     0 | D:1      | Reached XP level 1. HP: 14/14 MP: 1/1
   132 | D:1      | Reached XP level 2. HP: 8/19 MP: 2/2
   705 | D:1      | Reached XP level 3. HP: 23/23 MP: 3/3
  1606 | D:1      | Reached ** piety under Trog
  1695 | D:2      | Reached XP level 4. HP: 27/29 MP: 4/4
  1950 | D:2      | Slain by a worker ant

Levels and vault maps discovered:
D:1:      onia_arrival_mini_spirals, layout_basic
D:2:      layout_loops_cross, serial_rivers, chequers_serial_rivers_room_a,
          chequers_serial_rivers_room_b, chequers_serial_rivers_micro_a,
          chequers_serial_rivers_micro_d

Skill      XL: |  1  2  3 |
---------------+----------+-----
Axes           | 3 |  3.5
Armour         | 3 |  3.3
Dodging        | 2 |  2.1
Fighting       | |  3.8

Action                   |  1- 3 |  4- 6 || total
-------------------------+-------+-------++-------
Melee: Hand axe          |   103 |    52 ||   155
Invok: Berserk           |     2 |     1 ||     3
  Use: Potion            |       |     1 ||     1
  Eat: Chunk             |     5 |       ||     5
Armor: Animal skin       |    30 |    19 ||    49
Dodge: Dodged            |    81 |    39 ||   120

Table legend:
 A = Non-vault XP
 B = Vault XP
 C = Vault XP percentage of total XP
 D = Non-vault monster count
 E = Vault monster count
 F = Vault count percentage of total count
                 A         B        C        D         E       F
            +---------+---------+-------+---------+---------+-------
      Total |     135 |       0 |   0.0 |      45 |       0 |   0.0
            +---------+---------+-------+---------+---------+-------
        D:1 |      66 |       0 |   0.0 |      34 |       0 |   0.0
        D:2 |      69 |       0 |   0.0 |      11 |       0 |   0.0
            +---------+---------+-------+---------+---------+-------
